 Dungeon Crawl Stone Soup version 0.22-b1-59-g0aedee734a (webtiles) character file.

520947 Randomaniac the Halfling Catapult (level 27, -5/205 HPs)
             Began as a Halfling Hunter on Aug 7, 2018.
             Was a High Priest of Okawaru.
             Killed by the air
             ... invoked by a titan
              (58 damage)
             ... on level 4 of the Vaults on Aug 9, 2018.
             The game lasted 04:42:40 (87435 turns).

Randomaniac the Halfling Catapult (HaHu)           Turns: 87435, Time: 04:42:40

Health: -5/205     AC: 20    Str: 23    XL:     27
Magic:  9/11       EV: 42    Int:  9    God:    Okawaru [*****.]
Gold:   1365       SH: 16    Dex: 34    Spells: 14/26 levels left

rFire    + . .     SeeInvis +   b - +7 dagger "Zaeptiar" {freeze, MP-9 Str+3 Dex+3}
rCold    + + .     Gourm    .   v - +1 buckler "Baiwuudu" {Slay+2}
rNeg     + . .     Faith    .   R - +1 ring mail of Patterns {rElec Str+7}
rPois    +         Spirit   .   Y - +2 helmet of Vampiric Thralls {rN+}
rElec    +         Reflect  +   i - scarf {repulsion}
rCorr    .         Harm     .   Z - +2 pair of gloves {Dex+3}
MR       ++...                  Q - +2 pair of boots {Fly}
Stlth    +++++++...             J - amulet "Upouham" {Reflect rPois rC++ MP-9 SH+3 SInv}
HPRegen  0.44/turn              h - +4 ring of protection
MPRegen  0.12/turn              C - ring of the Wild Haggis {rF+ Slay+3}

@: heroism, marked, flying, hasted, repel missiles, very quick
A: small, mutation resistance 1, subdued magic 1
}: 2/15 runes: serpentine, barnacled
a: Heroism, Finesse, Renounce Religion, Stop Flying


You were on level 4 of the Vaults.
You worshipped Okawaru.
Okawaru was extremely pleased with you.
You were very hungry.

You visited 9 branches of the dungeon, and saw 46 of its levels.
You also visited: Labyrinth, Trove and Ice Cave.

You collected 5555 gold pieces.
You spent 4190 gold pieces at shops.

Inventory:

Hand Weapons
 a - the +4 fustibalus "Velaom" {speed, MR++ Str+2}
   (You acquired it on level 13 of the Dungeon)

   Attacks with this weapon are significantly faster.
   It affects your strength (+2).
   It affects your resistance to hostile enchantments.
 b - the +7 dagger "Zaeptiar" (weapon) {freeze, MP-9 Str+3 Dex+3}
   (You found it in a labyrinth)

   It has been specially enchanted to freeze those struck by it, causing extra
   injury to most foes and up to half again as much damage against particularly
   susceptible opponents.
   It can also slow down cold-blooded creatures.
   It affects your strength (+3).
   It affects your dexterity (+3).
   It affects your magic capacity (-9).
Missiles
 d - 213 sling bullets
 e - 318 stones (quivered)
 y - 4 throwing nets
Armour
 i - a scarf of repulsion (worn)
 v - the +1 buckler "Baiwuudu" (worn) {Slay+2}
   (Okawaru gifted it to you on level 2 of the Elven Halls)

   It affects your accuracy and damage with ranged weapons and melee attacks
   (+2).
 Q - a +2 pair of boots of flying (worn)
 R - the +1 ring mail of Patterns (worn) {rElec Str+7}
   (You bought it in a shop on level 4 of the Shoals)

   It affects your strength (+7).
   It insulates you from electricity.
 Y - the +2 helmet of Vampiric Thralls (worn) {rN+}
   (You bought it in a shop on level 8 of the Dungeon)

   It protects you from negative energy.
 Z - a +2 pair of gloves of dexterity (worn)
Jewellery
 h - a +4 ring of protection (left hand)
 z - the amulet of the Hare {RegenMP rC+ Stlth+}
   (You found it in a treasure trove)

   [amulet of magic regeneration]

   It increases your magic regeneration.
   It protects you from cold.
   It makes you more stealthy.
 C - the ring of the Wild Haggis (right hand) {rF+ Slay+3}
   (You found it on level 10 of the Dungeon)

   [ring of protection from fire]

   It affects your accuracy and damage with ranged weapons and melee attacks
   (+3).
   It protects you from fire.
 J - the amulet "Upouham" (around neck) {Reflect rPois rC++ MP-9 SH+3 SInv}
   (You bought it in a shop on level 2 of the Orcish Mines)

   [amulet of reflection]

   It shields you and reflects attacks.
   It greatly protects you from cold.
   It protects you from poison.
   It affects your magic capacity (-9).
   It lets you see invisible.
   It affects your SH (+3).
 O - the ring "Duutarre" {rC+++ EV+4 Int+3 Dex-4}
   (You found it in a treasure trove)

   [ring of evasion]

   It affects your evasion (+4).
   It affects your intelligence (+3).
   It affects your dexterity (-4).
   It renders you almost immune to cold.
Wands
 o - a wand of flame (35)
 r - a wand of digging (11)
 t - a wand of polymorph (31)
 B - a wand of disintegration (11)
 E - a wand of enslavement (11)
 M - a wand of iceblast (25)
 N - a wand of acid (31)
 V - a wand of paralysis (21)
Scrolls
 g - 2 scrolls of teleportation
 l - 5 scrolls of magic mapping
 p - 5 scrolls of amnesia
 s - 16 scrolls of remove curse
 D - 5 scrolls of fear
 F - a scroll of silence
 G - 3 scrolls of enchant armour
 H - 2 scrolls of blinking
 I - 2 scrolls of summoning
 K - 7 scrolls of identify
 L - 5 scrolls of enchant weapon
 T - 6 scrolls of fog
 X - a scroll of holy word
Potions
 c - 3 potions of heal wounds
 j - 6 potions of brilliance
 k - 7 potions of haste
 m - 2 potions of magic
 n - 4 potions of cancellation
 q - 12 potions of curing
 u - 3 potions of invisibility
 w - 5 potions of might
 A - 2 potions of berserk rage
 P - 4 potions of agility
 S - 4 potions of flight
 U - 2 potions of resistance
Miscellaneous
 W - 3 boxes of beasts
Comestibles
 f - 63 rations {@e1}


   Skills:
 - Level 21.0(26.0) Fighting
 - Level 12.1(17.1) Short Blades
 O Level 27 Slings
 - Level 21.3(26.3) Dodging
 - Level 12.0(17.0) Stealth
 - Level 12.0(17.0) Shields
 + Level 13.8 Charms
 - Level 9.0 Translocations
 - Level 9.0 Invocations
 - Level 8.0 Evocations


You had 14 spell levels left.
You knew the following spells:

 Your Spells              Type           Power        Failure   Level  Hunger
a - Shroud of Golubria    Chrm/Tloc      ###.......   1%          2    ###....
b - Apportation           Tloc           ##....       1%          1    ##.....
c - Blink                 Tloc           N/A          1%          2    ###....
d - Slow                  Hex            #.......     63%         2    ###....
e - Summon Butterflies    Summ           #.......     47%         1    ##.....
f - Swiftness             Chrm/Air       #.......     4%          2    ###....
g - Song of Slaying       Chrm           ###.....     1%          2    ###....

Your spell library contained the following spells:

 Spells                   Type           Power        Failure   Level  Hunger
 Cause Fear               Hex            #.........   99%         4    #####..
 Magic Dart               Conj           #...         47%         1    ##.....
 Fireball                 Conj/Fire      #.........   100%        5    ######.
 Conjure Flame            Conj/Fire      #.......     86%         3    ####...
 Bolt of Fire             Conj/Fire      #.........   100%        6    #######
 Lightning Bolt           Conj/Air       #.........   100%        5    ######.
 Bolt of Magma            Conj/Fire/Erth #.........   100%        5    ######.
 Confuse                  Hex            #.......     86%         3    ####...
 Invisibility             Hex            #.......     100%        6    #######
 Throw Flame              Conj/Fire      #.....       63%         2    ###....
 Throw Frost              Conj/Ice       #.....       63%         2    ###....
 Mephitic Cloud           Conj/Pois/Air  #.......     86%         3    ####...
 Ring of Flames           Chrm/Fire      #.........   100%        7    #######
 Venom Bolt               Conj/Pois      #.........   100%        5    ######.
 Death's Door             Chrm/Necr      #.........   100%        8    #######
 Summon Small Mammal      Summ           #...         47%         1    ##.....
 Bolt of Draining         Conj/Necr      #.........   100%        5    ######.
 Lehudib's Crystal Spear  Conj/Erth      #.........   100%        8    #######
 Fire Storm               Conj/Fire      #.........   100%        9    #######
 Summon Horrible Things   Summ           #.........   100%        8    #######
 Animate Skeleton         Necr           N/A          47%         1    ##.....
 Haunt                    Necr/Summ      #.........   100%        7    #######
 Borgnjor's Revivificati  Necr           #.........   100%        8    #######
 Freeze                   Ice            #...         47%         1    ##.....
 Summon Ice Beast         Ice/Summ       #.......     99%         4    #####..
 Ozocubu's Armour         Chrm/Ice       #.......     9%          3    ####...
 Call Imp                 Summ           #.......     63%         2    ###....
 Dispel Undead            Necr           #.......     100%        5    ######.
 Poison Arrow             Conj/Pois      #.........   100%        6    #######
 Sublimation of Blood     Necr           #.........   63%         2    ###....
 Tukima's Dance           Hex            #.......     86%         3    ####...
 Summon Greater Demon     Summ           #.........   100%        7    #######
 Corpse Rot               Necr           N/A          63%         2    ###....
 Iron Shot                Conj/Erth      #.........   100%        6    #######
 Stone Arrow              Conj/Erth      #.....       86%         3    ####...
 Shock                    Conj/Air       #...         47%         1    ##.....
 Agony                    Necr           #.......     100%        5    ######.
 Spider Form              Tmut/Pois      #.........   86%         3    ####...
 Blade Hands              Tmut           #.........   100%        5    ######.
 Statue Form              Tmut/Erth      #........    100%        6    #######
 Ice Form                 Ice/Tmut       #.......     99%         4    #####..
 Dragon Form              Tmut           #.........   100%        7    #######
 Necromutation            Tmut/Necr      #.........   100%        8    #######
 Deflect Missiles         Chrm/Air       #.........   99%         6    #######
 Throw Icicle             Conj/Ice       #.......     99%         4    #####..
 Glaciate                 Conj/Ice       #.........   100%        9    #######
 Airstrike                Air            #.........   99%         4    #####..
 Confusing Touch          Hex            #.....       47%         1    ##.....
 Flame Tongue             Conj/Fire      #....        47%         1    ##.....
 Passwall                 Tmut/Erth      #.......     63%         2    ###....
 Ignite Poison            Fire/Tmut/Pois #.......     86%         3    ####...
 Sticks to Snakes         Tmut           #.......     63%         2    ###....
 Call Canine Familiar     Summ           #.......     86%         3    ####...
 Ensorcelled Hibernation  Hex/Ice        #.....       63%         2    ###....
 Metabolic Englaciation   Hex/Ice        #.........   100%        5    ######.
 Silence                  Hex/Air        #.........   100%        5    ######.
 Corona                   Hex            #......      47%         1    ##.....
 Lee's Rapid Deconstruct  Erth           #.........   100%        5    ######.
 Sandblast                Erth           #.....       47%         1    ##.....
 Conjure Ball Lightning   Conj/Air       #.........   100%        6    #######
 Chain Lightning          Conj/Air       #.........   100%        8    #######
 Excruciating Wounds      Chrm/Necr      #.........   65%         5    ######.
 Monstrous Menagerie      Summ           #.........   100%        7    #######
 Petrify                  Tmut/Erth      #.......     99%         4    #####..
 Passage of Golubria      Tloc           N/A          13%         4    #####..
 Orb of Destruction       Conj           #.........   100%        7    #######
 Malign Gateway           Summ/Tloc      #.........   100%        7    #######
 Tornado                  Air            #.........   100%        9    #######
 Leda's Liquefaction      Hex/Erth       #.........   99%         4    #####..
 Summon Hydra             Summ           #.........   100%        7    #######
 Darkness                 Hex            #.........   100%        6    #######
 Beastly Appendage        Tmut           #.....       47%         1    ##.....
 Iskenderun's Battlesphe  Conj/Chrm      #.......     65%         5    ######.
 Dazzling Spray           Conj/Hex       #.....       86%         3    ####...
 Searing Ray              Conj           #.....       63%         2    ###....
 Discord                  Hex            #.........   100%        8    #######
 Summon Forest            Summ/Tloc      #.........   94%         5    ######.
 Summon Lightning Spire   Summ/Air       #.......     99%         4    #####..
 Summon Guardian Golem    Hex/Summ       #.......     86%         3    ####...
 Spellforged Servitor     Conj/Summ      #.........   100%        7    #######
 Summon Mana Viper        Hex/Summ       #.......     100%        5    ######.
 Hydra Form               Tmut           #.........   100%        6    #######
 Irradiate                Conj/Tmut      #.........   100%        5    ######.
 Gell's Gravitas          Tloc           ##........   3%          3    ####...
 Yara's Violent Unravell  Hex/Tmut       #.........   100%        5    ######.
 Infestation              Necr           #.........   100%        8    #######
 Ignition                 Fire           #.........   100%        8    #######


Dungeon Overview and Level Annotations

Branches:
Dungeon (15/15)            Temple (0/1) D:4            Lair (6/6) D:11
 Shoals (4/4) Lair:3        Snake (4/4) Lair:3        Slime (3/5) Lair:5
    Orc (2/2) D:10            Elf (3/3) Orc:2        Vaults (5/5) D:13
  Crypt (0/3) Vaults:3     Depths (4/5) D:15

Altars:
Dithmenos
Fedhas
Gozag
Makhleb
Okawaru
Vehumet
Wu Jian
The Shining One
Beogh

Shops:
D:8 [   D:12 [   D:15 (*   Orc:2 ?%:=   Elf:1 =}=   Shoals:1 *(*   Shoals:4 [
Snake:3 [[(   Vaults:4 !   Depths:1 :!!:}}

Portals:
Hell: Depths:1 Depths:2 Depths:3 Depths:4
Abyss: Depths:1 Depths:4
Pandemonium: Depths:3

Annotations:
D:8 Gastronok; Raybro228's ghost, novice MiFi
Vaults:2 Mennas
Depths:2 1 runed door
Depths:3 the Enchantress


Innate Abilities, Weirdness & Mutations

You are small and have problems with some larger weapons.
You are somewhat resistant to further mutation.
Your spells are a little easier to cast, but a little less powerful.


Message History

The stone barely misses your fire giant.
The stone hits the iron dragon skeleton but does no damage.
There is an escape hatch in the ceiling, spattered with blood here.
Items here: ( )))))) [[[[[[ Your fire giant hits the iron dragon skeleton with a great sword of flaming!
Your fire giant burns the iron dragon skeleton.
The deep elf sorcerer hits your vault sentinel with a long sword!
The iron dragon skeleton bites your fire giant.
The iron dragon skeleton claws your fire giant.
The iron dragon skeleton tramples your fire giant!
A mysterious force pulls you upwards. The hatch slams shut behind you.
Your summoned ally is left behind.
You gain the combat prowess of a mighty hero.
The titan waves its arms in wide circles.
The air twists around and violently strikes you in flight!
* * * LOW HITPOINT WARNING * * *
You see here an arrow.
The titan waves its arms in wide circles.
The air twists around and violently strikes you in flight!
You die...

#...# ##...##
####...######.....#
....###....###...##
....# #....##.....#
...)###....###...##
####...######...C.#
#...# ##...## #...#
#..(..# #...#
##..@## #####
#..([.# ##.)(##
###########(###
#.....[[((((..#
#.#.###.#####.#
######.#)#...#.#...#
.....#.###.###.###.#
.....#.#.#[#.#...#.#


You could see a titan.

Vanquished Creatures
  An ancient lich (Depths:2)
  Mara (Vaults:2)
  3 juggernauts
  Vashnia (Snake:4)
  Xtahua (Vaults:2)
  The ghost of Katanoaf the Crack Shot, a veteran CeHu of Okawaru (Depths:2)
  3 golden dragons
  A caustic shrike (Depths:3)
  Nikola (Depths:3)
  Jory (Depths:3)
  2 tentacled monstrosities
  2 liches
  Rupert (Lair:5)
  2 deep elf blademasters
  Asterion (Vaults:1)
  A deep elf master archer (Elf:3)
  A titan (Depths:1)
  5 acid blobs
  12 sphinxes
  Kirke (Lair:5)
  6 tengu reavers
  The ghost of Puefib the Exorcist, an adept CeFi of the Shining One (Snake:3)
  A shadow dragon (Depths:3)
  3 storm dragons
  6 azure jellies
  9 nagarajas
  5 deep elf sorcerers (Elf:3)
  6 fire giants
  Donald (Elf:1)
  10 frost giants
  An iron dragon (Depths:3)
  11 vault wardens
  3 deep elf elementalists
  31 very ugly things
  4 spriggan defenders (Depths:3)
  18 stone giants
  8 ironheart preservers
  2 entropy weavers
  2 vampire knights
  10 deep elf annihilators
  5 spark wasps
  The ghost of Xiamuc the Blocker, a journeyman MiFi of Trog (D:15)
  5 deep elf demonologists
  A minotaur (Lab)
  The ghost of Fyciun the Bludgeoner, a journeyman MiFi of Trog (Lair:3)
  7 merfolk javelineers
  7 deep elf death magi
  4 ettins
  A death ooze (Slime:2)
  9 merfolk impalers
  A deep elf high priest (Elf:3)
  10 ogre magi
  7 yaktaur captains
  8 fire dragons
  2 great orbs of eyes
  29 vault guards
  A catoblepas (D:15)
  4 hydras
  15 ice dragons
  3 rakshasas
  8 spriggan air magi
  11 naga warriors
  12 centaur warriors
  4 tengu warriors
  A satyr (Shoals:4)
  10 anacondas
  8 merfolk aquamancers
  25 two-headed ogres
  A death knight (D:15)
  26 dancing weapons
  4 alligator snapping turtles
  7 deep troll earth magi
  11 deep troll shamans
  5 naga sharpshooters (Snake:4)
  6 spriggan berserkers
  3 vampire magi
  6 death yaks (Lair:6)
  26 deep elf knights
  7 shock serpents
  8 skeletal warriors
  A fire crab (shapeshifter) (D:14)
  A hell knight (Depths:2)
  3 shadow wraiths (Vaults:3)
  4 salamander mystics
  17 sea snakes
  5 iron trolls
  13 deep trolls
  3 unseen horrors
  5 large abominations
  3 glowing orange brains
  3 flayed ghosts
  5 wizards
  20 deep elf archers
  9 naga ritualists
  A lindwurm (Lair:6)
  11 ironbrand convokers
  12 orc knights
  A lindwurm (shapeshifter) (Depths:3)
  20 harpies
  65 ugly things
  4 orc sorcerers
  4 wolf spiders
  A phantasmal warrior (Vaults:3)
  4 harpies (shapeshifter)
  3 necromancers
  A shining eye (shapeshifter) (Depths:1)
  59 deep elf magi
  7 mana vipers
  A frost giant zombie (Vaults:4)
  6 cyclopes
  3 shining eyes
  6 salamanders
  An oklob plant (Lair:6)
  A stone giant zombie (Vaults:4)
  6 fauns
  9 manticores
  A sphinx skeleton (Vaults:1)
  A frost giant skeleton (Vaults:4)
  A human skeleton (Vaults:1)
  10 merfolk sirens
  35 black mambas
  7 water nymphs
  18 elephants
  20 naga magi
  14 vault sentinels
  10 guardian serpents
  10 spiny frogs
  6 torpor snails
  A human zombie (Vaults:4)
  6 komodo dragons
  2 gargoyles
  A komodo dragon (shapeshifter) (Elf:2)
  2 rime drakes (shapeshifter)
  2 rime drakes
  5 freezing wraiths
  35 yaktaurs
  A kobold demonologist (D:15)
  39 merfolk
  A merfolk (shapeshifter) (Depths:3)
  A polar bear (shapeshifter) (Vaults:4)
  7 tengu conjurers
  6 trolls
  A tengu simulacrum (Vaults:4)
  4 tyrant leeches (Lair:6)
  9 wind drakes
  A hornet (shapeshifter) (Vaults:1)
  2 queen bees
  92 slime creatures
  9 hornets
  8 snapping turtles
  7 dream sheep
  14 hippogriffs
  14 blink frogs
  A flying skull (Vaults:3)
  A fire giant simulacrum (Vaults:2)
  A shadow (D:15)
  A snapping turtle (shapeshifter) (Depths:1)
  10 redbacks
  3 spriggans
  15 water elementals
  An air elemental (Elf:3)
  An ettin skeleton (Vaults:4)
  A wraith (Vaults:1)
  27 yaks
  6 wyverns
  6 basilisks
  6 hogs (Lair:5)
  4 golden eyes (Slime:1)
  A fire elemental (Elf:1)
  3 vampire mosquitoes (D:13)
  3 hungry ghosts
  2 chaos spawn (Depths:4)
  An ogre zombie (Vaults:1)
  2 wargs
  A harpy simulacrum (D:15)
  3 soldier ants
  54 nagas
  8 small abominations (Depths:4)
  11 water moccasins
  A floating eye (shapeshifter) (Vaults:2)
  An acid dragon (D:12)
  A porcupine (shapeshifter) (Depths:3)
  A floating eye (Depths:4)
  8 porcupines
  5 sky beasts
  16 ice beasts
  52 orc warriors
  28 ogres
  20 boggarts
  2 black bears
  14 wolves
  4 eyes of draining
  20 centaurs
  8 crocodiles
  A big kobold (shapeshifter) (Vaults:4)
  4 big kobolds
  Blork the orc (D:6)
  18 bullfrogs
  2 earth elementals
  A wyvern skeleton (D:14)
  2 scorpions
  A hornet simulacrum (Vaults:1)
  55 killer bees
  13 howler monkeys
  3 electric eels
  A jelly (shapeshifter) (Vaults:1)
  A crimson imp (D:14)
  2 bullfrog zombies
  4 centaur zombies
  A human simulacrum (Vaults:4)
  17 orc priests
  3 hounds
  A bullfrog skeleton (D:9)
  6 jellies
  4 centaur skeletons
  A gnoll shaman (D:5)
  An iguana (D:10)
  4 worker ants
  10 orc wizards
  A killer bee zombie (D:10)
  2 hound skeletons
  2 hound zombies
  A howler monkey zombie (D:5)
  15 gnolls
  12 adders
  4 shadow imps
  An ooze (D:5)
  An adder zombie (D:9)
  2 adder skeletons
  3 worms (D:4)
  3 dart slugs
  5 leopard geckos
  106 orcs
  5 ball pythons
  7 bats
  2 giant cockroaches (D:3)
  9 goblins
  7 hobgoblins
  12 jackals
  4 quokkas
  5 frilled lizards
  26 kobolds
  A quokka skeleton (D:8)
  2 quokka zombies
  7 rats
  A crawling corpse (Vaults:4)
1968 creatures vanquished.

Vanquished Creatures (collateral kills)
  A worker ant (D:11)
1 creature vanquished.

Vanquished Creatures (others)
  An ironheart preserver (Vaults:1)
  7 stone giants
  A merfolk javelineer (Depths:3)
  4 centaur warriors
  4 naga sharpshooters
  A deep elf knight (Vaults:1)
  7 deep elf archers
  A cyclops (D:13)
  2 fauns
  A naga mage (Snake:1)
  6 yaktaurs
  A water elemental (Depths:3)
  An orc warrior (D:13)
  A boggart (Vaults:2)
  3 centaurs (Vaults:4)
  A bullfrog zombie (D:7)
  A kobold (D:12)
  9 fungi
  51 plants
  5 tentacles (Shoals:1)
108 creatures vanquished.

Grand Total: 2077 creatures vanquished

Notes
Turn   | Place    | Note
-------+----------+-------------------------------------------
     0 | D:1      | Randomaniac the Halfling Hunter began the quest for the Orb.
     0 | D:1      | Reached XP level 1. HP: 14/14 MP: 1/1
    21 | D:1      | Reached skill level 6 in Slings
    87 | D:1      | Found an iron altar of Okawaru.
   108 | D:1      | Became a worshipper of Warmaster Okawaru
   129 | D:1      | Reached XP level 2. HP: 19/19 MP: 2/2
   831 | D:1      | Reached skill level 7 in Slings
   831 | D:1      | Reached XP level 3. HP: 24/24 MP: 3/3
   941 | D:2      | Found an ornate altar of the Wu Jian Council.
  1027 | D:2      | Found a blossoming altar of Fedhas.
  1342 | D:2      | Reached XP level 4. HP: 29/29 MP: 4/4
  1601 | D:3      | Found a shadowy altar of Dithmenos.
  1615 | D:3      | Reached skill level 8 in Slings
  1819 | D:3      | Found an opulent altar of Gozag.
  1837 | D:3      | Found a burning altar of Makhleb.
  1875 | D:3      | Reached XP level 5. HP: 21/34 MP: 5/5
  1891 | D:3      | Reached * piety under Okawaru
  1891 | D:3      | Reached skill level 9 in Slings
  1924 | D:3      | Reached XP level 6. HP: 21/39 MP: 6/6
  2319 | D:3      | Reached skill level 10 in Slings
  3267 | D:4      | Reached skill level 11 in Slings
  3267 | D:4      | Reached XP level 7. HP: 38/44 MP: 7/7
  3575 | D:4      | Found a staircase to the Ecumenical Temple.
  3612 | D:4      | Reached skill level 12 in Slings
  3975 | D:5      | Entered Level 5 of the Dungeon
  4089 | D:5      | Reached XP level 8. HP: 43/51 MP: 8/8
  4124 | D:5      | Reached ** piety under Okawaru
  5304 | D:6      | Reached skill level 5 in Dodging
  5453 | D:6      | Noticed Blork the orc
  5467 | D:6      | Killed Blork the orc
  5535 | D:6      | Reached XP level 9. HP: 39/60 MP: 9/9
  5556 | D:6      | Reached skill level 5 in Fighting
  6009 | D:7      | Reached *** piety under Okawaru
  6066 | D:7      | Got a transparent robe
  6149 | D:7      | Identified the +2 robe of the Pink Corner {rPois MP+9 SInv} (You found it on level 7 of the Dungeon)
  6580 | D:7      | Found a runed gate.
  6580 | D:7      | Noticed Raybro228's ghost (novice MiFi)
  6581 | D:7      | Found a runed gate.
  6582 | D:7      | Found a runed gate.
  6583 | D:7      | Found a roughly hewn altar of Beogh.
  6657 | D:7      | Found a radiant altar of Vehumet.
  7556 | D:8      | Learned a level 2 spell: Call Imp
  7942 | D:8      | Noticed Gastronok
  8155 | D:8      | Found Ycleur Bappe's Antique Armour Shoppe.
  8811 | D:7      | Got a bloodstained hat
  8822 | D:7      | Identified the cursed +0 hat of Duty {rC++ Int+2} (You found it on level 7 of the Dungeon)
  8843 | D:8      | Bought a smoking helmet for 266 gold pieces
  8890 | D:9      | Identified the +2 helmet of Vampiric Thralls {rN+} (You bought it in a shop on level 8 of the Dungeon)
  8981 | D:9      | Reached **** piety under Okawaru
  9015 | D:9      | Reached XP level 10. HP: 71/71 MP: 10/10
  9232 | D:9      | You fall through a shaft for 2 floors!
  9463 | D:10     | Entered Level 10 of the Dungeon
  9581 | D:10     | Found a staircase to the Orcish Mines.
  9897 | D:10     | Received a gift from Okawaru
  9949 | D:10     | Reached skill level 10 in Dodging
 10276 | D:10     | Got a smoking marble ring
 10278 | D:10     | Identified the ring of the Wild Haggis {rF+ Slay+3} (You found it on level 10 of the Dungeon)
 10604 | D:10     | Noticed a two-headed ogre
 10617 | D:10     | Killed a two-headed ogre
 10617 | D:10     | Received a gift from Okawaru
 10617 | D:10     | Reached ***** piety under Okawaru
 10617 | D:10     | Reached XP level 11. HP: 77/78 MP: 11/11
 10922 | D:10     | Noticed a two-headed ogre
 10933 | D:10     | Killed a two-headed ogre
 10933 | D:10     | Reached skill level 13 in Slings
 10995 | Orc:1    | Entered Level 1 of the Orcish Mines
 11360 | Orc:2    | Entered Level 2 of the Orcish Mines
 11367 | Orc:2    | Noticed an orc knight
 11491 | D:10     | Received a gift from Okawaru
 11732 | D:10     | Learned a level 3 spell: Call Canine Familiar
 12249 | D:11     | Noticed a cyclops
 12249 | D:11     | Noticed a two-headed ogre
 12279 | D:11     | Killed a two-headed ogre
 12279 | D:11     | Reached skill level 1 in Invocations
 12303 | D:11     | Killed a cyclops
 12583 | D:11     | Got a crude long sword
 12584 | D:11     | Identified the cursed +2 long sword of Vaschelu {protect, rF+} (You found it on level 11 of the Dungeon)
 12654 | D:11     | Found a staircase to the Lair.
 12887 | Lair:1   | Entered Level 1 of the Lair of Beasts
 12898 | Lair:1   | Received a gift from Okawaru
 13327 | Lair:1   | Reached skill level 10 in Fighting
 13378 | Lair:1   | Reached skill level 5 in Short Blades
 13499 | Lair:1   | Reached XP level 12. HP: 87/87 MP: 15/15
 13777 | Lair:1   | Reached skill level 5 in Invocations
 14190 | Lair:2   | Received a gift from Okawaru
 14457 | Lair:2   | Received a gift from Okawaru
 14938 | Lair:2   | Received a gift from Okawaru
 15038 | Lair:2   | Received a gift from Okawaru
 15286 | Lair:2   | Reached skill level 5 in Stealth
 15998 | Lair:3   | Noticed Fyciun's ghost (journeyman MiFi)
 16006 | Lair:3   | Found a runed gate.
 16006 | Lair:3   | Found a runed gate.
 16006 | Lair:3   | Found a runed gate.
 16008 | Lair:3   | Noticed a four-headed hydra
 16076 | Lair:3   | Found a staircase to the Snake Pit.
 16184 | Lair:3   | Received a gift from Okawaru
 16224 | Lair:3   | Noticed a six-headed hydra
 16236 | Lair:3   | Killed a six-headed hydra
 16357 | Lair:3   | Found a staircase to the Shoals.
 16689 | Lair:3   | Reached XP level 13. HP: 64/93 MP: 19/19
 16821 | Lair:3   | Reached skill level 14 in Slings
 17857 | Lair:3   | Found a radiant altar of Vehumet.
 18148 | Lair:4   | Reached skill level 1 in Evocations
 18233 | Lair:4   | Found a frozen archway.
 18339 | IceCv    | Entered an ice cave
 18374 | IceCv    | Received a gift from Okawaru
 18403 | IceCv    | Found a transporter.
 20740 | Lair:5   | Found a staircase to the Slime Pits.
 20857 | Lair:5   | Noticed Kirke
 20868 | Lair:5   | Noticed Rupert
 20939 | Lair:5   | Received a gift from Okawaru
 20952 | Lair:5   | Found a labyrinth entrance.
 20964 | Lab      | Entered a labyrinth
 21710 | Lab      | Noticed a minotaur
 21725 | Lab      | Killed a minotaur
 21725 | Lab      | Reached XP level 14. HP: 101/103 MP: 13/20
 21763 | Lab      | Got a twisted dagger
 21764 | Lab      | Identified the +7 dagger "Zaeptiar" {freeze, MP-9 Str+3 Dex+3} (You found it in a labyrinth)
 21886 | Lair:5   | Received a gift from Okawaru
 22052 | Lair:5   | Received a gift from Okawaru
 22714 | Lair:5   | Reached skill level 5 in Evocations
 22806 | Lair:5   | Paralysed by Rupert for 3 turns
 22814 | Lair:5   | Paralysed by Rupert for 6 turns
 23213 | Lair:6   | Entered Level 6 of the Lair of Beasts
 24564 | Lair:6   | Found a runed door.
 24642 | Lair:6   | Received a gift from Okawaru
 25587 | Lair:5   | Killed Kirke
 25600 | Lair:5   | Paralysed by Rupert for 7 turns
 25864 | Lair:3   | Reached XP level 15. HP: 109/109 MP: 16/21
 25868 | Lair:3   | Received a gift from Okawaru
 25908 | Lair:3   | Killed Fyciun's ghost
 26314 | Orc:1    | Received a gift from Okawaru
 26696 | Orc:2    | Reached skill level 15 in Slings
 26836 | Orc:1    | Received a gift from Okawaru
 27433 | Orc:2    | Found a roughly hewn altar of Beogh.
 28103 | Orc:2    | Found Sogga's Food Shoppe.
 28103 | Orc:2    | Found Uhionogu's Book Boutique.
 28105 | Orc:2    | Found Muunkoku's Jewellery Shop.
 28107 | Orc:2    | Found Oguepohozu's Magic Scroll Emporium.
 28114 | Orc:2    | Bought the amulet "Upouham" {Reflect rPois rC++ MP-9 SH+3 SInv} for 504 gold pieces
 28123 | Orc:2    | Bought a scroll of blinking for 105 gold pieces
 28123 | Orc:2    | Bought a scroll of fear for 49 gold pieces
 28162 | Orc:2    | Found a staircase to the Elven Halls.
 28277 | Orc:2    | Received a gift from Okawaru
 28283 | Orc:2    | Reached skill level 16 in Slings
 29028 | Elf:1    | Entered Level 1 of the Elven Halls
 29216 | Shoals:1 | Entered Level 1 of the Shoals
 29234 | Shoals:1 | Received a gift from Okawaru
 29242 | Shoals:1 | Found Rinomelo's Weapon Shop.
 29267 | Shoals:1 | Noticed a kraken
 29909 | Shoals:1 | Reached skill level 17 in Slings
 30452 | Shoals:1 | Found Kunon's General Store.
 30472 | Shoals:1 | Bought a potion of curing for 54 gold pieces
 31217 | Lair:5   | Learned a level 2 spell: Blink
 31220 | Lair:5   | Learned a level 2 spell: Slow
 31375 | Shoals:1 | Found Pametwel's General Store.
 31610 | Shoals:1 | Received a gift from Okawaru
 32049 | Shoals:1 | Reached skill level 18 in Slings
 32749 | Shoals:2 | Received a gift from Okawaru
 33327 | Shoals:2 | Reached XP level 16. HP: 116/116 MP: 13/22
 34660 | D:12     | Received a gift from Okawaru
 34669 | D:12     | Found Woetsisch's Armour Boutique.
 35209 | D:12     | Reached skill level 1 in Shields
 36030 | D:12     | Identified a scroll of acquirement
 37080 | D:13     | Reached skill level 5 in Shields
 37116 | D:13     | Got an iridescent fustibalus
 37117 | D:13     | Identified the +4 fustibalus "Velaom" {speed, MR++ Str+2} (You acquired it on level 13 of the Dungeon)
 37666 | D:13     | Identified the Volume of Supportive Weightlessness
 38161 | D:13     | Found a gate to the Vaults.
 38252 | D:13     | Received a gift from Okawaru
 38725 | D:14     | Found a glowing golden altar of the Shining One.
 39139 | D:15     | Entered Level 15 of the Dungeon
 39274 | D:15     | Found a radiant altar of Vehumet.
 39292 | D:15     | Found Festialo's Jewellery Emporium.
 39334 | D:15     | Found a large runed door.
 39334 | D:15     | Found a large runed door.
 39519 | D:15     | Noticed Xiamuc's ghost (journeyman MiFi)
 39548 | D:15     | Killed Xiamuc's ghost
 39548 | D:15     | Received a gift from Okawaru
 39548 | D:15     | Reached skill level 10 in Shields
 39676 | D:15     | Found a staircase to the Depths.
 39761 | D:15     | Found Vedigiff's Assorted Antiques.
 39769 | D:15     | Bought a potion of curing for 105 gold pieces
 39769 | D:15     | Bought a scroll of fear for 122 gold pieces
 39889 | D:15     | Reached XP level 17. HP: 122/122 MP: 14/23
 40408 | D:15     | Found Nuocisodgh's Antique Weapon Emporium.
 41064 | D:13     | Upgraded the game from 0.22-b1-21-g5cfc1688f2 to 0.22-b1-26-g9dbaab1112
 41225 | Snake:1  | Entered Level 1 of the Snake Pit
 41260 | Snake:1  | Reached skill level 19 in Slings
 42233 | Snake:1  | Identified the Volume of Lightness
 43132 | Elf:1    | Found Awkimp's Jewellery Shoppe.
 43133 | Elf:1    | Found Egakuy's Gadget Boutique.
 43134 | Elf:1    | Found Zekytor's Jewellery Shoppe.
 43216 | Elf:1    | Received a gift from Okawaru
 43255 | Elf:1    | Got a jewelled hunting sling {god gift}
 43256 | Elf:1    | Identified the +1 hunting sling "Trog's Indignation" {freeze, -Tele Fragile rF+++ rN++} (Okawaru gifted it to you on level 1 of the Elven Halls)
 43458 | Elf:1    | Identified the Reference Book on Conjuration
 43804 | Elf:1    | Received a gift from Okawaru
 44308 | Elf:1    | Reached skill level 20 in Slings
 44644 | Elf:1    | Reached XP level 18. HP: 117/131 MP: 15/24
 44653 | Elf:1    | Reached ****** piety under Okawaru
 44653 | Elf:1    | Received a gift from Okawaru
 44800 | Elf:1    | Noticed Donald
 45654 | Elf:2    | Found a runed gate.
 45655 | Elf:2    | Found a runed gate.
 45815 | Elf:2    | Found a runed gate.
 46340 | Elf:2    | Reached skill level 15 in Fighting
 46792 | Elf:2    | Noticed a deep elf blademaster
 46806 | Elf:2    | Killed a deep elf blademaster
 46828 | Elf:2    | Received a gift from Okawaru
 46931 | Elf:2    | Received a gift from Okawaru
 46934 | Elf:2    | Got a jewelled buckler {god gift}
 46945 | Elf:2    | Identified the +1 buckler "Baiwuudu" {Slay+2} (Okawaru gifted it to you on level 2 of the Elven Halls)
 47366 | Elf:3    | Entered Level 3 of the Elven Halls
 47991 | Elf:3    | Noticed an Ice Fiend
 47998 | Elf:3    | Noticed a deep elf blademaster
 48313 | Elf:3    | Noticed an Executioner
 48317 | Elf:3    | Noticed a Tzitzimitl
 48327 | Elf:3    | Reached XP level 19. HP: 75/143 MP: 16/25
 48619 | Elf:3    | Received a gift from Okawaru
 49106 | Elf:3    | Got a brightly glowing scale mail {god gift}
 49112 | Elf:3    | Identified the +2 scale mail of Fallacy {Dex+2} (Okawaru gifted it to you on level 3 of the Elven Halls)
 49251 | Elf:3    | Killed a deep elf blademaster
 49494 | Elf:3    | Got a slimy ring mail
 49500 | Elf:3    | Identified the cursed +1 ring mail of the Lion {-Cast rElec Regen+ rCorr} (You found it on level 3 of the Elven Halls)
 49509 | Elf:3    | Got a faintly humming scale mail
 49515 | Elf:3    | Identified the +3 scale mail of Coklamuo {rElec rCorr Int+5 Dex-4} (You found it on level 3 of the Elven Halls)
 49628 | Elf:3    | Got a clouded copper amulet
 49630 | Elf:3    | Identified the amulet of Feacsiste {Acrobat rPois SInv} (You found it on level 3 of the Elven Halls)
 49722 | Elf:3    | Got a faintly glowing tin amulet
 49724 | Elf:3    | Identified the amulet "Zotimu" {Acrobat rPois MR+} (You found it on level 3 of the Elven Halls)
 50204 | Snake:2  | You are sucked into a shaft!
 50395 | Snake:3  | Found Wiefes's Armour Boutique.
 50399 | Snake:3  | Found Viunlus's Armour Shop.
 50400 | Snake:3  | Found Cuyppoust's Antique Weapon Boutique.
 50917 | Snake:3  | Found a runed door.
 50922 | Snake:3  | Noticed Puefib's ghost (adept CeFi)
 50954 | Snake:3  | Killed Puefib's ghost
 51639 | Snake:4  | Entered Level 4 of the Snake Pit
 51797 | Snake:4  | Noticed Vashnia
 51831 | Snake:4  | Received a gift from Okawaru
 51837 | Snake:4  | Killed Vashnia
 51851 | Snake:4  | Received a gift from Okawaru
 51891 | Snake:4  | Reached XP level 20. HP: 128/154 MP: 14/26
 52380 | Snake:4  | Received a gift from Okawaru
 52837 | Snake:4  | Received a gift from Okawaru
 54156 | Snake:4  | Got a serpentine rune of Zot
 54428 | Slime:1  | Entered Level 1 of the Pits of Slime
 54484 | Slime:1  | Received a gift from Okawaru
 55345 | Slime:2  | Reached XP level 21. HP: 153/165 MP: 18/27
 55810 | Lair:5   | Killed Rupert
 56087 | Elf:1    | Killed Donald
 57800 | Shoals:4 | Entered Level 4 of the Shoals
 58224 | Shoals:4 | Received a gift from Okawaru
 58265 | Shoals:4 | Found Cesim's Antique Armour Shoppe.
 58277 | Shoals:4 | Bought a scorched ring mail for 198 gold pieces
 58698 | Shoals:4 | Reached skill level 15 in Dodging
 58780 | Shoals:4 | Received a gift from Okawaru
 58862 | Shoals:4 | Reached skill level 21 in Slings
 58883 | Shoals:4 | Identified the +1 ring mail of Patterns {rElec Str+7} (You bought it in a shop on level 4 of the Shoals)
 59614 | Shoals:4 | Got a barnacled rune of Zot
 60572 | Vaults:1 | Entered Level 1 of the Vaults
 60693 | Vaults:1 | Reached XP level 22. HP: 133/174 MP: 19/28
 61176 | Vaults:1 | Reached skill level 22 in Slings
 61226 | Vaults:1 | Noticed Asterion
 61257 | Vaults:1 | Killed Asterion
 61370 | Vaults:1 | Received a gift from Okawaru
 61690 | Vaults:1 | Received a gift from Okawaru
 62369 | Vaults:2 | Noticed Mara
 62383 | Vaults:2 | Noticed Randomaniac's illusion
 62799 | Vaults:2 | Killed Mara
 63321 | Vaults:2 | Reached skill level 23 in Slings
 63346 | Vaults:2 | Noticed Xtahua
 63370 | Vaults:2 | Killed Xtahua
 63689 | Vaults:2 | Noticed Mennas
 64402 | Vaults:3 | Received a gift from Okawaru
 64609 | Vaults:3 | Reached XP level 23. HP: 180/180 MP: 20/29
 64718 | Vaults:3 | Reached skill level 10 in Stealth
 65104 | Vaults:3 | Found a staircase to the Crypt.
 67614 | Slime:2  | Reached skill level 24 in Slings
 68111 | Slime:3  | Received a gift from Okawaru
 68367 | Slime:2  | Gained mutation: Your spells are a little easier to cast, but a little less powerful. [a shining eye]
 68659 | Depths:1 | Entered Level 1 of the Depths
 68742 | Depths:1 | Received a gift from Okawaru
 68917 | Depths:1 | Found a one-way gate to the infinite horrors of the Abyss.
 69157 | Depths:1 | Found a gateway to Hell.
 69436 | Depths:1 | Found Vecil's Gadget Shop.
 69593 | Depths:1 | Found Aleu's Gadget Shoppe.
 69593 | Depths:1 | Found Kiemu's Distillery.
 69594 | Depths:1 | Found Kietwam's Distillery.
 69599 | Depths:1 | Found Zafaoq's Book Shoppe.
 69642 | Depths:1 | Reached XP level 24. HP: 175/187 MP: 13/29
 69706 | Depths:1 | Bought a potion of haste for 170 gold pieces
 69706 | Depths:1 | Bought a potion of might for 68 gold pieces
 69706 | Depths:1 | Bought a potion of resistance for 170 gold pieces
 69800 | Depths:1 | Reached skill level 10 in Short Blades
 69990 | Depths:1 | Found Aqiub's One-of-a-Kind Books.
 71039 | Depths:1 | Received a gift from Okawaru
 71208 | Depths:2 | Reached skill level 25 in Slings
 71663 | Depths:2 | Noticed a juggernaut
 71693 | Depths:2 | Killed a juggernaut
 71934 | Depths:2 | Received a gift from Okawaru
 71994 | Depths:2 | Found a runed door.
 72000 | Depths:2 | Found a runed door.
 72016 | Depths:2 | Noticed Katanoaf's ghost (veteran CeHu)
 72201 | Depths:2 | Received a gift from Okawaru
 72671 | Depths:2 | Received a gift from Okawaru
 72913 | Depths:2 | Reached XP level 25. HP: 131/192 MP: 11/29
 73266 | Depths:2 | Noticed an ancient lich
 73485 | Depths:3 | Reached skill level 26 in Slings
 73642 | Depths:3 | Noticed Jory
 73714 | Depths:3 | Killed Jory
 74029 | Depths:3 | Noticed Nikola
 74048 | Depths:3 | Killed Nikola
 74157 | Depths:3 | Received a gift from Okawaru
 74204 | Depths:3 | Upgraded the game from 0.22-b1-26-g9dbaab1112 to 0.22-b1-59-g0aedee734a
 74598 | Depths:3 | Found a runed door.
 74809 | Depths:3 | Noticed the Enchantress
 75410 | Depths:3 | Found a one-way gate leading to the halls of Pandemonium.
 75410 | Depths:3 | Noticed a caustic shrike
 75437 | Depths:3 | Identified the +1 leather armour "Kedus" {rN+} (You found it on level 3 of the Depths)
 75540 | Depths:3 | Got a warped shield
 75551 | Depths:3 | Identified the cursed +0 shield "Hatalybb" {+Blink rC+ Int-3 Stlth+} (You found it on level 3 of the Depths)
 75996 | Depths:3 | Noticed a juggernaut
 76040 | Depths:3 | Killed a caustic shrike
 76040 | Depths:3 | Reached skill level 27 in Slings
 76057 | Depths:3 | Killed a juggernaut
 77157 | Depths:3 | Paralysed by a sphinx for 7 turns
 77176 | Depths:3 | Paralysed by a sphinx for 6 turns
 77589 | Depths:3 | Reached skill level 5 in Translocations
 78024 | Depths:3 | Reached XP level 26. HP: 191/199 MP: 11/29
 78148 | Depths:1 | Bought a book of Burglary for 1425 gold pieces
 78172 | Depths:1 | Bought Witchery, Part Two for 688 gold pieces
 78175 | Depths:1 | Learned a level 2 spell: Shroud of Golubria
 78177 | Depths:1 | Learned a level 1 spell: Apportation
 78179 | Depths:1 | Learned a level 1 spell: Summon Butterflies
 78389 | Depths:3 | Reached skill level 1 in Charms
 79986 | Depths:4 | Received a gift from Okawaru
 79992 | Depths:4 | Noticed an ancient lich
 80129 | Depths:4 | Reached skill level 5 in Charms
 80160 | Depths:4 | Noticed a juggernaut
 80176 | Depths:4 | Killed a juggernaut
 80419 | Depths:4 | Received a gift from Okawaru
 80801 | Depths:4 | Learned a level 2 spell: Swiftness
 80804 | Depths:4 | Learned a level 2 spell: Song of Slaying
 81296 | Elf:3    | Received a gift from Okawaru
 81900 | Depths:2 | Killed an ancient lich
 81903 | Depths:2 | Killed Katanoaf's ghost
 81981 | Depths:2 | Got a smoking hat
 81992 | Depths:2 | Identified the +1 hat "Rucrecum" {rPois MR+++ Str-3 Int+2} (You found it on level 2 of the Depths)
 82777 | Vaults:4 | Reached skill level 10 in Charms
 83509 | Vaults:4 | Received a gift from Okawaru
 84070 | Vaults:4 | Found Enearyc's Distillery.
 84079 | Vaults:4 | Bought a potion of haste for 190 gold pieces
 84098 | Vaults:4 | Found a portal to a secret trove of treasure.
 84202 | Vaults:4 | Paralysed by an ogre mage for 7 turns
 84712 | Vaults:4 | Bought a potion of might for 76 gold pieces
 85154 | Vaults:2 | Received a gift from Okawaru
 85227 | Vaults:2 | Reached XP level 27. HP: 201/205 MP: 11/29
 86067 | Vaults:4 | You paid a toll of +4 storm dragon scales to enter a treasure trove
 86068 | Trove    | Entered a treasure trove
 86105 | Trove    | Got a brightly glowing copper ring
 86113 | Trove    | Got a glittering amethyst amulet
 86114 | Trove    | Identified the ring of the Evening {rPois EV+2} (You found it in a treasure trove)
 86124 | Trove    | Identified the amulet "Uwoohaew" {rPois Regen+} (You found it in a treasure trove)
 86138 | Trove    | Got a warped golden amulet
 86140 | Trove    | Identified the amulet "Wanu" {Fragile +Rage rF+ MR+++ Int+2} (You found it in a treasure trove)
 86144 | Trove    | Got a fine jade amulet
 86146 | Trove    | Identified the amulet "Tiwoy" {+Rage Int+2} (You found it in a treasure trove)
 86150 | Trove    | Got a translucent brass amulet
 86151 | Trove    | Identified the amulet of the Hare {RegenMP rC+ Stlth+} (You found it in a treasure trove)
 86166 | Trove    | Got a steaming steel amulet
 86168 | Trove    | Identified the amulet "Iskeg" {+Rage rC+} (You found it in a treasure trove)
 86172 | Trove    | Got a coiled platinum ring
 86173 | Trove    | Identified the ring "Duutarre" {rC+++ EV+4 Int+3 Dex-4} (You found it in a treasure trove)
 86189 | Trove    | Got a transparent jade amulet
 86190 | Trove    | Identified the amulet "Unle" {RegenMP rElec rF+ rC-} (You found it in a treasure trove)
 86194 | Trove    | Got a warped marble ring
 86196 | Trove    | Identified the ring of the Nine Continents {rPois Int+4} (You found it in a treasure trove)
 86200 | Trove    | Got a warped glass ring
 86201 | Trove    | Identified the ring of Recruoqikh {rC+ MR++ Str+4 Stlth-} (You found it in a treasure trove)
 86297 | Vaults:5 | Entered Level 5 of the Vaults
 87435 | Vaults:4 | Killed from afar by a titan

Skill      XL: |  1  2  3  4  5  6  7  8  9 10 11 12 13 14 15 16 17 18 19 20 21 22 23 24 25 26 27 |
---------------+----------------------------------------------------------------------------------+-----
Slings         | 6 7 8 9 11 12 13 14 18 20 21 23 24 25 27 | 27.0
Fighting       | 2 4 7 8 10 12 13 14 16 18 20 21 | 21.0
Dodging        | 3 5 8 10 11 12 13 14 16 17 18 19 21 | 21.3
Short Blades   | 5 6 8 9 12 | 12.1
Invocations    | 4 8 9 |  9.0
Stealth        | 6 7 9 12 | 12.0
Evocations     | 4 7 8 |  8.0
Shields        | 10 12 | 12.0
Translocations | 5 9 |  9.0
Charms         | 12 13 | 13.8

Action                   |  1- 3 |  4- 6 |  7- 9 | 10-12 | 13-15 | 16-18 | 19-21 | 22-24 | 25-27 || total
-------------------------+-------+-------+-------+-------+-------+-------+-------+-------+-------++-------
Melee: Hunting sling     |       |       |     1 |       |     3 |       |       |       |       ||     4
       Rapier            |       |       |       |    22 |       |       |       |       |       ||    22
       Unarmed           |       |       |       |       |     3 |       |       |       |       ||     3
       Dagger            |       |       |       |       |    15 |    49 |    44 |  1546 |  1263 ||  2917
 Fire: Hunting sling     |    73 |   265 |   593 |   906 |  2185 |   359 |       |       |       ||  4381
       Fustibalus        |       |       |       |       |       |  1755 |  2449 |  1706 |  1440 ||  7350
Throw: Throwing net      |       |       |       |     1 |     1 |       |       |       |     8 ||    10
 Cast: Call Imp          |       |       |     8 |     8 |     2 |       |       |       |       ||    18
       Shroud of Golubri |       |       |       |       |       |       |       |       |    18 ||    18
       Song of Slaying   |       |       |       |       |       |       |       |       |    12 ||    12
       Summon Butterflie |       |       |       |       |       |       |       |       |     1 ||     1
Invok: Heroism           |       |       |       |     7 |    15 |     6 |     9 |    10 |    13 ||    60
       Finesse           |       |       |       |     3 |     9 |       |     4 |     7 |    10 ||    33
 Abil: Stop Flying       |       |       |       |       |       |       |     1 |       |       ||     1
       Evoke Flight      |       |       |       |       |       |       |       |       |     1 ||     1
Evoke: Wand              |       |       |       |       |     1 |       |       |     7 |     1 ||     9
  Use: Scroll            |       |       |     7 |    25 |    11 |    13 |    14 |    15 |    13 ||    98
       Potion            |       |       |       |     1 |     4 |     3 |     2 |     5 |     7 ||    22
 Stab: Sleeping          |       |       |       |       |       |       |       |     6 |     7 ||    13
       Distracted        |       |       |       |       |       |       |       |     1 |     3 ||     4
  Eat: Chunk             |       |     7 |     2 |    24 |    51 |    18 |    12 |    15 |    15 ||   144
       Ration            |       |       |     5 |       |     2 |     8 |     7 |     5 |     9 ||    36
Armor: Leather armour    |     1 |    25 |    23 |    58 |   109 |    40 |     2 |       |       ||   258
       Skin              |       |       |     2 |       |       |       |     1 |       |       ||     3
       Fire dragon scale |       |       |       |       |     4 |       |       |       |       ||     4
       Ring mail         |       |       |       |       |       |       |    98 |   170 |   154 ||   422
Dodge: Dodged            |     5 |    70 |   150 |   390 |   992 |   353 |   572 |  1219 |   991 ||  4742
       Deflected         |       |       |       |       |       |    16 |    56 |    43 |    25 ||   140
Block: Other             |       |       |       |       |    25 |     2 |       |       |       ||    27
       Reflection        |       |       |       |       |     4 |    74 |    80 |    86 |    35 ||   279
       Shield            |       |       |       |       |       |   320 |       |       |       ||   320
       Buckler           |       |       |       |       |       |    37 |   489 |   996 |   779 ||  2301
